 Dungeon Crawl Stone Soup version 0.31-a0-889-g1a8549509d (webtiles) character file.

Game seed: 5421017522502794185

66 Error4North the Ruffian (level 3, -1/28 HPs)
             Began as a Draconian Shapeshifter on Oct 16, 2023.
             Killed by divine providence
             ... invoked by an orc priest
              (13 damage)
             ... on level 3 of the Dungeon.
             The game lasted 00:10:03 (1551 turns).

Error4North the Ruffian (Draconian Shapeshifter)    Turns: 1551, Time: 00:10:03

Health: -1/28      AC:  5    Str: 16    XL:     3   Next: 96%
Magic:  3/3        EV: 27    Int: 10    God:
Gold:   196        SH:  0    Dex: 18    Spells: 1/2 levels left

rFire   . .          .
                       - Unarmed
rCold   . . .        (no shield)
rNeg    . . .        (body armour unavailable)
rPois   .            (helmet currently unavailable)
rElec   .            m - melded +0 cloak
rCorr   .            (gloves currently unavailable)
SInv    .            (boots currently unavailable)
Will    .....        l - amulet of the acrobat
Stlth   ++           j - +6 ring of dexterity
HPRegen 0.24/turn    (no ring)
MPRegen 0.08/turn

%: acrobat
@: lethally poisoned (-1 -> -6), beast-form, acrobatic
A: beast (slay +2), AC +5, unfitting armour, cold-blooded
a: Begin Untransformation


You were on level 3 of the Dungeon.
You were a hulking beast.
You visited 1 branch of the dungeon, and saw 3 of its levels.

You collected 196 gold pieces.

Inventory:

Armour
 m - a +0 cloak (melded)
Jewellery
 j - a +6 ring of dexterity (left hand)
 l - an amulet of the acrobat (around neck)
Talismans
 b - a beast talisman (active)
 c - a flux talisman
Scrolls
 f - a scroll of immolation {unknown}
 g - a scroll of brand weapon {unknown}
 h - 3 scrolls of identify {unknown}
 i - a scroll of teleportation {unknown}
Potions
 a - a potion of lignification
 d - a potion of curing {unknown}
 e - 2 potions of might {unknown}


   Skills:
 * Level 1.5 Fighting
 * Level 2.2 Dodging
 + Level 0.1 Stealth
 + Level 3.7 Unarmed Combat
 * Level 3.6 Shapeshifting


You had one spell level left.
You knew the following spells:

 Your Spells              Type           Power      Damage    Failure   Level
a - Sting                 Tmut/Pois      0%         1d3       36%         1

Your spell library contained the following spells:

 Spells                   Type           Power      Damage    Failure   Level
 Poisonous Vapours        Pois/Air       0%         N/A       50%         2
 Olgreb's Toxic Radiance  Pois           0%         N/A       98%         4


Dungeon Overview and Level Annotations

Branches:
Dungeon (3/15)

Altars:

Annotations:
D:3 Jessica


Innate Abilities, Weirdness & Mutations

You are a hulking beast.
Your limbs bulge with bestial killing power. (Slay +2)
Your plain brown scales are hard. (AC +5)
You cannot fit into any form of body armour.
You are cold-blooded and may be slowed by cold attacks.


Message History

You hit the jackal. Your punch misses the jackal.
The jackal is lightly wounded.
The jackal closely misses you.
Your magical contamination has completely faded away.
You closely miss the jackal.
The jackal is lightly wounded.
The jackal bites you but does no damage.
You punch the jackal!
You kill the jackal!
You are a hulking beast.
Your movement speed is average.
Your attack delay is about 0.9.
Your damage rating with unarmed combat is about 9 (Base [3 + 3 (UC)] x 115% (Str) x 102% (Fight) + 2 (Slay)).
Your base attributes are Str 16, Int 10, Dex 12.
Okay, then.
Okay, then.
Unknown command.
A bat comes into view.
You hit the bat.
You kill the bat!
Jessica and an orc priest come into view.
Jessica shouts!
An orc comes into view. It is wielding a +0 trident.
You see here 16 gold pieces.
You now have 196 gold pieces (gained 16).
The teleport trap disappears.
Jessica disappears!
The orc priest looks satisfied for a moment.
The orc priest calls down the wrath of Beogh upon you.
Beogh smites you!
You hear a shout!
The kobold shouts!
The kobold throws a poisoned dart.
The poisoned dart hits you!
You are poisoned.
A hobgoblin comes into view.
You feel very sick.
The hobgoblin shouts!
You feel sick.
You feel sick.
The orc priest mumbles some strange prayers to Beogh against you.
Beogh smites you!
You die...

...### ....## .....#. ).....
.......####......
........#.......#
o...................##.#
......g........#....##.##.
........)...#......##...
...o..............##.###
#........h...†........#
#..........K..†.......#
#..............@......#
##..................<#..
#............................
.........................#...
.....##.............##.#.#...
..... ##.....#......##.#.# ..
.... ##.######.##.##.#.# ##


You could see an orc priest, Jessica, a hobgoblin and a kobold.

Vanquished Creatures
  A worm (D:2)
  A dart slug (D:3)
  An orc (D:2)
  4 endoplasms
  2 giant cockroaches
  3 goblins
  3 hobgoblins
  8 jackals
  4 quokkas
  6 ball pythons
  8 bats
  5 frilled lizards
  6 kobolds
  5 rats
57 creatures vanquished.

Notes
Turn   | Place    | Note
-------+----------+-------------------------------------------
     0 | D:1      | Error4North the Draconian Shapeshifter began the quest for
                  | the Orb.
     0 | D:1      | Reached XP level 1. HP: 16/16 MP: 1/1
   170 | D:1      | Reached XP level 2. HP: 23/23 MP: 2/2
   314 | D:1      | Found a faded altar of an unknown god.
   753 | D:1      | Reached XP level 3. HP: 26/26 MP: 3/3
   978 | D:2      | Learned a level 1 spell: Sting
  1542 | D:3      | Noticed Jessica
  1551 | D:3      | Killed from afar by an orc priest

Illustrated notes

Levels and vault maps discovered:
D:1:      erik_arrival_orb_chamber, layout_basic,
          ebering_ecumenical_altar_petrified, minmay_small_reverse_x
D:2:      layout_rooms
D:3:      layout_rooms, uniq_terence, uniq_jessica

Skill      XL: |  1 |
---------------+----+-----
Dodging        | 2 |  2.2
Fighting       | |  1.5
Stealth        | |  0.1
Unarmed Combat | |  3.7
Shapeshifting  | |  3.6

Action                     || total
---------------------------++-------
  Melee: Unarmed           ||   113
         Tailslap          ||    15
         Punch             ||     1
   Cast: Sting             ||     1
Ability: Begin Untransform ||     1
   Stab: Sleeping          ||     2
 Armour: Skin              ||    53
  Dodge: Dodged            ||    61
   Form: Beast             ||     1

Table legend: (Time is in decaauts)
 A = Elapsed time spent in this place.
 B = Non-inter-level travel time spent in this place.
 C = Inter-level travel time spent in this place.
 D = Time resting spent in this place.
 E = Time spent auto-exploring this place.
 F = Levels seen in this place.
 G = Mean time per level.
                   A        B        C        D        E       F      G
               +--------+--------+--------+--------+--------+-----+--------+
         Total |   1543 |   1505 |     38 |      0 |   1061 |   3 |  514.3 |
       Dungeon |   1543 |   1505 |     38 |      0 |   1061 |   3 |  514.3 |
               +--------+--------+--------+--------+--------+-----+--------+

Top non-repeatable levels by time:
     D:1: 957 daAuts
     D:2: 533 daAuts
     D:3: 51 daAuts
